 Dungeon Crawl Stone Soup version 0.24-a0-445-gd5110b030a (webtiles) character file.

Game seed: 8936423313931094481

75262 Avack the Sharpshooter (level 15, -5/136 HPs)
             Began as a Deep Dwarf Hunter on June 21, 2019.
             Was the Champion of Makhleb.
             Killed from afar by an ice dragon (38 damage)
             ... with a blast of cold
             ... on level 4 of the Lair of Beasts on June 22, 2019.
             The game lasted 01:17:12 (21459 turns).

Avack the Sharpshooter (Deep Dwarf Hunter)         Turns: 21459, Time: 01:17:14

Health: -5/136     AC: 26    Str: 22    XL:     15   Next: 9%
Magic:  15/15      EV: 12    Int: 14    God:    Makhleb [******]
Gold:   1083       SH:  0    Dex: 14    Spells: 14/14 levels left

rFire    . . .     SeeInvis +   a - +3 arbalest
rCold    . . .     Gourm    .   (shield currently unavailable)
rNeg     + . .     Faith    .   U - +2 plate armour {rPois}
rPois    +         Spirit   .   p - +2 hat
rElec    .         Reflect  .   T - +0 cloak
rCorr    .         Harm     .   I - +2 pair of gloves {Str+3}
MR       ++...                  h - +1 pair of boots
Stlth    ..........             w - amulet of rage
HPRegen  0.00/turn              P - ring of see invisible
MPRegen  0.14/turn              g - ring of stealth

@: non-regenerating
A: damage resistance, heal wounds, negative energy resistance 1, sense
surroundings 2, no regeneration
a: Heal Wounds, Minor Destruction, Lesser Servant of Makhleb, Major Destruction,
Greater Servant of Makhleb, Renounce Religion, Evoke Berserk Rage


You were on level 4 of the Lair of Beasts.
You worshipped Makhleb.
Makhleb was exalted by your worship.
You were not hungry.

You visited 5 branches of the dungeon, and saw 20 of its levels.
You also visited: Gauntlet.

You collected 1837 gold pieces.
You spent 754 gold pieces at shops.

Inventory:

Hand Weapons
 a - a +3 arbalest (weapon)
 b - a +7 demon blade of electrocution
 z - the +9 falchion "Tyemey" {holy, rN+ MR+ Str-5}
   (You found it on level 2 of the Lair of Beasts)

   It has been blessed by the Shining One to cause great damage to the undead
   and demons.
   It affects your strength (-5).
   It protects you from negative energy.
   It affects your resistance to hostile enchantments.
Missiles
 c - 53 boomerangs
 s - a throwing net {!f}
 y - a bolt (quivered)
 D - 15 poisoned darts
 G - 8 curare-tipped darts
 L - 7 javelins
Armour
 h - a +1 pair of boots (worn)
 p - a +2 hat (worn)
 t - the +5 plate armour of the Monkey's Uncle {rElec rF+ Int-4}
   (You found it on level 6 of the Dungeon)

   It affects your intelligence (-4).
   It protects you from fire.
   It insulates you from electricity.
 I - a +2 pair of gloves of strength (worn)
 N - a +1 cloak
 T - a +0 cloak (worn)
 U - a +2 plate armour of poison resistance (worn)
Jewellery
 e - an uncursed ring of protection from magic
 g - a ring of stealth (right hand)
 n - a +3 ring of intelligence
 w - an amulet of rage (around neck)
 E - an uncursed ring of resist corrosion
 P - a ring of see invisible (left hand)
Wands
 m - a wand of flame (56)
 F - a wand of iceblast (15)
 M - a wand of acid (3)
Scrolls
 d - 2 scrolls of remove curse
 j - 2 scrolls of immolation
 l - a scroll of teleportation
 q - a scroll of fear
 x - 3 scrolls of amnesia
 A - a scroll of fog
 J - 3 scrolls of magic mapping
 Q - a scroll of identify
 S - a scroll of blinking
Potions
 k - 8 potions of flight
 o - a potion of magic
 r - a potion of cancellation
 u - a potion of lignification
 v - a potion of curing
 B - a potion of berserk rage
 C - a potion of mutation
 K - a potion of haste
 O - a potion of brilliance
 R - a potion of might
Miscellaneous
 H - a box of beasts
Comestibles
 f - 37 rations
 i - 11 chunks of flesh


   Skills:
 - Level 9.4 Fighting
 + Level 5.5 Long Blades
 - Level 18.0 Crossbows
 - Level 10.5 Armour
 - Level 10.1 Dodging
 - Level 1.2 Stealth
 - Level 13.5 Invocations
 - Level 7.4 Evocations


You had 14 spell levels left.
You didn't know any spells.
Your spell library contained the following spells:

 Spells                   Type           Power        Failure   Level  Hunger
 Animate Skeleton         Necr           N/A          98%         1    ##.....
 Apportation              Tloc           #.....       98%         1    ##.....
 Confusing Touch          Hex            #.....       98%         1    ##.....
 Magic Dart               Conj           #...         98%         1    ##.....
 Pain                     Necr           #...         98%         1    ##.....
 Sandblast                Erth           #.....       98%         1    ##.....
 Summon Small Mammal      Summ           #...         98%         1    ##.....
 Passwall                 Tmut/Erth      #.......     99%         2    ###....
 Searing Ray              Conj           #.....       99%         2    ###....
 Dazzling Spray           Conj/Hex       #.....       100%        3    ####...
 Recall                   Summ/Tloc      N/A          100%        3    ####...
 Stone Arrow              Conj/Erth      #.....       100%        3    ####...
 Vampiric Draining        Necr           #.........   100%        3    ####...
 Animate Dead             Necr           N/A          100%        4    #####..
 Force Lance              Conj/Tloc      #.......     100%        4    #####..
 Fulminant Prism          Conj/Hex       #.........   100%        4    #####..
 Iskenderun's Mystic Bla  Conj           #.......     100%        4    #####..
 Petrify                  Tmut/Erth      #.......     100%        4    #####..
 Borgnjor's Vile Clutch   Necr/Erth      #.........   100%        5    ######.
 Lee's Rapid Deconstruct  Erth           #.........   100%        5    ######.
 Death Channel            Necr           #.........   100%        6    #######
 Simulacrum               Ice/Necr       #.........   100%        6    #######
 Regeneration             Chrm/Necr      Unusable     N/A         3    N/A

Dungeon Overview and Level Annotations

Branches:
Dungeon (10/15)            Temple (1/1) D:7            Lair (6/6) D:9
 Shoals (0/4) Lair:4       Spider (1/4) Lair:3        Slime (0/5) Lair:6
    Orc (2/2) D:9             Elf (0/3) Orc:2

Altars:
Ashenzari
Cheibriados
Dithmenos
Elyvilon
Fedhas
Gozag
Hepliaklqana
Kikubaaqudgha
Makhleb
Nemelex Xobeh
Okawaru
Qazlal
Ru
Sif Muna
Trog
Uskayaw
Vehumet
Wu Jian
Xom
Yredelemnul
Zin
The Shining One

Shops:
D:5 ?   D:6 !   D:8 :   D:9 *   Orc:2 ?=((

Annotations:
D:5 Pikel
Lair:3 exclusion: oklob plant
Lair:4 exclusions: door and 1 more exclusion


Innate Abilities, Weirdness & Mutations

You are resistant to damage.
You can heal yourself by infusing magical energy.
You resist negative energy. (rN+)
You passively map the area around you.
You do not regenerate.


Message History

The ice dragon claws your hellwing but does no damage.
The ice dragon tramples your hellwing!
Your hellwing holds its ground!
Your hellwing dies!
Firing (i - inventory. (/) - cycle)
y - 4 bolts (quivered)
Press: ? - help, Shift-Dir - straight line, f/p - ice dragon
Aim: an ice dragon (lightly wounded)
You shoot a bolt. The bolt closely misses the ice dragon.
Firing (i - inventory. (/) - cycle)
y - 3 bolts (quivered)
Press: ? - help, Shift-Dir - straight line, f/p - ice dragon
Aim: an ice dragon (lightly wounded)
You shoot a bolt. The bolt hits the ice dragon.
The ice dragon is lightly wounded.
Firing (i - inventory. (/) - cycle)
y - 2 bolts (quivered)
Press: ? - help, Shift-Dir - straight line, f/p - ice dragon
Aim: an ice dragon (lightly wounded)
You shoot a bolt. The bolt hits the ice dragon!
The ice dragon is lightly wounded.
The ice dragon breathes frost at you. The blast of cold hits you!!!
You die...

##.#..#.## ###.........# ##.##.
#.÷###.+.###.#.........####.....
#......÷.#...+.........P#..+....
##.##.†...+.##..........'..).....
..÷####....####...(.....#...#....
....###...## #.........#####....
.....##...# #..........# #.#.#
....###.### ##.........## #####
...###.## ##..@........####....
.###.###* #.#...P.##(###..#.###
..##..#.#* ##.#.............+..#
.........* ##..#####.####'.....
.#.......* #.D#≈≈≈#.#≈≈≈#.....
###......#### ##(#≈≈≈###≈≈≈#.....
*.......#..# #.##≈≈≈#≈#≈≈≈##....
*#.......#.###.#≈**#+≈####≈#....
#(........D...#≈≈≈#≈≈≈#≈≈≈#....


You could see an ice dragon.

Vanquished Creatures
  Gastronok (Lair:3)
  An entropy weaver (Spider:1)
  A dire elephant (Lair:6)
  2 ettins
  13 hydras
  An anaconda (Lair:6)
  3 two-headed ogres
  2 alligators (Lair:5)
  5 death yaks
  5 orc high priests
  Sonja (Orc:1)
  3 orc knights
  A deep elf mage (D:8)
  3 orb spiders (Spider:1)
  3 wolf spiders (Spider:1)
  5 orc sorcerers
  9 elephants (Lair:6)
  A cyclops (Orc:2)
  2 black mambas
  Joseph (D:8)
  2 torpor snails
  10 spiny frogs
  11 komodo dragons
  4 rime drakes
  2 polar bears (Lair:4)
  A jumping spider (Spider:1)
  A troll (Orc:1)
  Grinder (D:4)
  A queen bee (D:10)
  16 blink frogs
  5 hippogriffs
  4 dream sheep (Lair:3)
  2 slime creatures (Lair:5)
  Sigmund (D:4)
  9 redbacks (Spider:1)
  A wyvern (D:9)
  38 yaks
  10 tarantellas (Spider:1)
  2 basilisks
  5 wargs
  Menkaure (D:5)
  5 swamp worms (Lair:5)
  6 water moccasins
  8 porcupines
  25 orc warriors
  2 sky beasts
  3 ice beasts
  2 black bears
  2 phantoms
  12 ogres
  6 wolves (Lair:2)
  5 centaurs
  A necrophage (D:8)
  18 crocodiles
  A big kobold (D:8)
  Blork the orc (D:4)
  19 bullfrogs
  A wyvern skeleton (D:9)
  4 scorpions
  25 killer bees
  2 vampire bats (Lair:4)
  4 howler monkeys
  2 crimson imps
  3 bullfrog zombies
  A centaur zombie (D:6)
  4 hounds
  30 orc priests
  22 jellies
  23 orc wizards
  A centaur skeleton (D:9)
  A bullfrog skeleton (D:8)
  2 iguanas
  Ijyb (D:3)
  13 worker ants
  4 hell rats (Lair:6)
  A hound skeleton (D:6)
  3 howler monkey skeletons
  4 gnolls (D:8)
  8 adders
  2 shadow imps
  2 white imps (Lair:4)
  14 oozes
  An adder zombie (D:7)
  2 adder skeletons
  A worm (D:3)
  A dart slug (D:1)
  5 leopard geckos
  68 orcs
  16 bats
  6 giant cockroaches
  12 goblins
  2 hobgoblins
  18 jackals
  5 quokkas
  3 frilled lizards
  A jackal zombie (D:6)
  12 kobolds
  5 rats (D:1)
  7 plants
648 creatures vanquished.

Vanquished Creatures (collateral kills)
  A dire elephant (Lair:6)
  2 orc knights (Orc:2)
  An orb spider (Spider:1)
  2 wolf spiders (Spider:1)
  An orc sorcerer (Orc:2)
  3 tarantellas (Spider:1)
  6 redbacks (Spider:1)
  5 orc warriors (Orc:2)
  4 orc wizards
25 creatures vanquished.

Vanquished Creatures (others)
  An orc (Orc:2)
  29 fungi
  11 plants
  10 withered plants (Gauntlet)
51 creatures vanquished.

Grand Total: 724 creatures vanquished

Notes
Turn   | Place    | Note
-------+----------+-------------------------------------------
     0 | D:1      | Avack the Deep Dwarf Hunter began the quest for the Orb.
     0 | D:1      | Reached XP level 1. HP: 19/19 MP: 1/1
   224 | D:1      | Reached XP level 2. HP: 26/26 MP: 2/2
   249 | D:1      | Reached skill level 5 in Crossbows
   611 | D:1      | Reached XP level 3. HP: 32/32 MP: 3/3
  1620 | D:3      | Found an ornate altar of the Wu Jian Council.
  1620 | D:3      | Found an opulent altar of Gozag.
  1630 | D:3      | Found a radiant altar of Vehumet.
  1736 | D:3      | Noticed Ijyb
  1861 | D:3      | Reached skill level 6 in Crossbows
  1861 | D:3      | Reached XP level 4. HP: 23/39 MP: 4/4
  1878 | D:3      | Found an ancient bone altar of Kikubaaqudgha.
  2017 | D:3      | Killed Ijyb
  2017 | D:3      | Reached skill level 7 in Crossbows
  2017 | D:3      | Reached XP level 5. HP: 39/45 MP: 5/5
  2512 | D:4      | Noticed an ogre
  2707 | D:4      | Noticed Blork the orc
  2715 | D:4      | Killed Blork the orc
  2715 | D:4      | Reached skill level 8 in Crossbows
  2724 | D:3      | Reached XP level 6. HP: 25/52 MP: 6/6
  2909 | D:4      | Noticed Grinder
  3021 | D:4      | Noticed Sigmund
  3172 | D:4      | Reached skill level 9 in Crossbows
  3243 | D:4      | Killed Grinder
  3243 | D:4      | Reached XP level 7. HP: 53/58 MP: 7/7
  3412 | D:4      | Reached skill level 10 in Crossbows
  3531 | D:4      | Killed Sigmund
  3531 | D:4      | Reached skill level 1 in Armour
  3761 | D:5      | Entered Level 5 of the Dungeon
  3849 | D:5      | Reached XP level 8. HP: 52/68 MP: 8/8
  4090 | D:5      | Noticed Menkaure
  4090 | D:5      | Noticed Pikel
  4091 | D:5      | Found Vubb's Magic Scroll Shop.
  4668 | D:5      | Killed Menkaure
  4683 | D:6      | Got a dazzling plate armour
  4703 | D:6      | Identified the +5 plate armour of the Monkey's Uncle {rElec
                  | rF+ Int-4} (You found it on level 6 of the Dungeon)
  4847 | D:6      | Found a snail-covered altar of Cheibriados.
  4924 | D:6      | Reached skill level 5 in Dodging
  5008 | D:6      | Reached skill level 5 in Armour
  5158 | D:6      | Gained mutation: You passively map the area around you.
                  | [Deep Dwarf growth]
  5158 | D:6      | Reached XP level 9. HP: 59/79 MP: 9/9
  5273 | D:6      | Found Xoun's Distillery.
  5596 | D:7      | Reached skill level 5 in Fighting
  5634 | D:7      | Reached skill level 1 in Evocations
  5679 | D:7      | Found a staircase to the Ecumenical Temple.
  5697 | Temple   | Entered the Ecumenical Temple
  5788 | Temple   | Became a worshipper of Makhleb the Destroyer
  6466 | D:7      | Reached skill level 5 in Evocations
  7061 | D:8      | Found Rusagak's Book Boutique.
  7410 | D:8      | Reached * piety under Makhleb
  7492 | D:8      | Reached XP level 10. HP: 75/88 MP: 14/14
  7539 | D:8      | Noticed a deep elf mage
  7546 | D:8      | Killed a deep elf mage
  7554 | D:8      | Noticed a two-headed ogre
  7686 | D:8      | Noticed Joseph
  7711 | D:8      | Killed Joseph
  7711 | D:8      | Noticed a two-headed ogre
  7910 | D:8      | Killed a two-headed ogre
  8115 | D:8      | Killed a two-headed ogre
  8468 | D:9      | Found Disa's Assorted Antiques.
  8595 | D:9      | Found a bloodstained altar of Trog.
  8616 | D:9      | Reached ** piety under Makhleb
  8686 | D:9      | Found a staircase to the Lair.
  8913 | D:9      | Reached skill level 1 in Invocations
  9119 | D:9      | Found a staircase to the Orcish Mines.
  9243 | Lair:1   | Entered Level 1 of the Lair of Beasts
  9594 | D:9      | Reached XP level 11. HP: 60/100 MP: 0/14
 10065 | Lair:1   | Reached skill level 11 in Crossbows
 10387 | Lair:2   | Got a polished falchion
 10474 | Lair:2   | Reached skill level 5 in Invocations
 10616 | Lair:2   | Reached *** piety under Makhleb
 10841 | Lair:2   | Reached skill level 12 in Crossbows
 11390 | Lair:3   | Noticed a seven-headed hydra
 11470 | Lair:3   | Noticed Gastronok
 11508 | Lair:3   | Killed Gastronok
 11508 | Lair:3   | Reached skill level 13 in Crossbows
 11511 | Lair:3   | Found a hole to the Spider Nest.
 11853 | Lair:3   | Killed a seven-headed hydra
 11853 | Lair:3   | Reached skill level 14 in Crossbows
 11967 | Lair:3   | Reached XP level 12. HP: 52/109 MP: 13/13
 12073 | Lair:3   | Identified the +9 falchion "Tyemey" {holy, rN+ MR+ Str-5}
                  | (You found it on level 2 of the Lair of Beasts)
 12616 | Lair:3   | Reached skill level 15 in Crossbows
 12753 | Lair:3   | Reached **** piety under Makhleb
 13028 | Lair:4   | Found a gate leading to a gauntlet.
 13044 | Gauntlet | Entered a Gauntlet
 13044 | Gauntlet | Found a transporter.
 13044 | Gauntlet | Found a transporter.
 13045 | Gauntlet | Found a transporter.
 13045 | Gauntlet | Found a transporter.
 13045 | Gauntlet | Noticed a balrug
 13059 | Gauntlet | Found a transporter.
 13069 | Gauntlet | Found a transporter.
 13071 | Gauntlet | Found the ring of the Octopus King
 13134 | Gauntlet | Found a transporter.
 13143 | Gauntlet | Noticed a death scarab
 13148 | Gauntlet | Found a transporter.
 13159 | Gauntlet | Found a transporter.
 13161 | Gauntlet | Found a large runed translucent door.
 13162 | Gauntlet | Found a large runed translucent door.
 13163 | Gauntlet | Found a large runed translucent door.
 13163 | Gauntlet | Found a large runed translucent door.
 13163 | Gauntlet | Found a runed translucent door.
 13163 | Gauntlet | Found a runed translucent door.
 13164 | Gauntlet | Found a large runed translucent door.
 13165 | Gauntlet | Found a large runed translucent door.
 13166 | Gauntlet | Found a large runed translucent door.
 13166 | Gauntlet | Found a large runed translucent door.
 13167 | Gauntlet | Found a runed translucent gate.
 13167 | Gauntlet | Found a runed translucent gate.
 13167 | Gauntlet | Found a runed translucent gate.
 13169 | Gauntlet | Found a transporter.
 13178 | Gauntlet | Found a large runed translucent door.
 13178 | Gauntlet | Found a large runed translucent door.
 13179 | Gauntlet | Found a large runed translucent door.
 13180 | Gauntlet | Found a large runed translucent door.
 13184 | Gauntlet | Found a transporter.
 13187 | Gauntlet | Found a transporter.
 13222 | Gauntlet | Found a large runed translucent door.
 13223 | Gauntlet | Found a large runed translucent door.
 13224 | Gauntlet | Found a large runed translucent door.
 13224 | Gauntlet | Found a large runed translucent door.
 13604 | Lair:4   | Noticed an ice dragon
 13821 | Lair:4   | Noticed a seven-headed hydra
 13821 | Lair:4   | Noticed a seven-headed hydra
 13844 | Lair:4   | Killed a seven-headed hydra
 13850 | Lair:4   | Killed a seven-headed hydra
 13850 | Lair:4   | Reached skill level 16 in Crossbows
 14366 | Lair:5   | Noticed a seven-headed hydra
 14366 | Lair:5   | Noticed a six-headed hydra
 14367 | Lair:5   | Noticed an alligator
 14395 | Lair:5   | Noticed a death yak
 14418 | Lair:4   | Killed a death yak
 14484 | Lair:4   | Found a staircase to the Shoals.
 14525 | Lair:4   | Reached skill level 17 in Crossbows
 14527 | Lair:5   | Noticed a five-headed hydra
 14585 | Lair:5   | Noticed a four-headed hydra
 14603 | Lair:4   | Killed a four-headed hydra
 14628 | Lair:5   | Killed a six-headed hydra
 14628 | Lair:5   | Reached XP level 13. HP: 85/116 MP: 13/13
 15058 | Lair:5   | Reached skill level 18 in Crossbows
 15283 | Lair:5   | Reached ***** piety under Makhleb
 15805 | Lair:5   | Reached skill level 10 in Invocations
 15879 | Lair:6   | Entered Level 6 of the Lair of Beasts
 16162 | Lair:6   | Found a staircase to the Slime Pits.
 16688 | Lair:6   | Gained mutation: You resist negative energy. (rN+) [Deep
                  | Dwarf growth]
 16688 | Lair:6   | Reached XP level 14. HP: 123/123 MP: 18/18
 17987 | Orc:1    | Entered Level 1 of the Orcish Mines
 18077 | Orc:1    | Noticed Sonja
 18092 | Orc:1    | HP: 3/126 [orc priest/divine providence (11)]
 18189 | Orc:1    | Reached ****** piety under Makhleb
 18347 | Orc:2    | Entered Level 2 of the Orcish Mines
 18599 | D:9      | Upgraded the game from 0.24-a0-443-g80245de385 to
                  | 0.24-a0-445-gd5110b030a
 18632 | D:10     | Entered Level 10 of the Dungeon
 19019 | Orc:1    | Killed Sonja
 19628 | Orc:2    | Reached skill level 10 in Armour
 19743 | Orc:2    | Found a staircase to the Elven Halls.
 19999 | Orc:2    | Reached skill level 10 in Dodging
 20055 | Orc:2    | Found Daorroxe's Weapon Shop.
 20055 | Orc:2    | Found Aresoc's Magic Scroll Shop.
 20066 | Orc:2    | Found Owoe's Antique Weapon Emporium.
 20066 | Orc:2    | Found Cuskik's Jewellery Emporium.
 20182 | Orc:2    | Bought a scroll of acquirement for 676 gold pieces
 20367 | Orc:2    | Bought a scroll of remove curse for 39 gold pieces
 20367 | Orc:2    | Bought a scroll of remove curse for 39 gold pieces
 20566 | Spider:1 | Entered Level 1 of the Spider Nest
 20599 | Spider:1 | Reached skill level 1 in Long Blades
 21224 | Spider:1 | Noticed an entropy weaver
 21241 | Spider:1 | Killed an entropy weaver
 21244 | Spider:1 | Reached XP level 15. HP: 77/136 MP: 15/15
 21316 | Spider:1 | Reached skill level 5 in Long Blades
 21459 | Lair:4   | Killed from afar by an ice dragon

Levels and vault maps discovered:
D:1:      onia_arrival_mini_spirals, layout_basic, minmay_indecisive_spiral
D:2:      layout_basic, first_ration
D:3:      layout_loops_ring, lemuel_round_altar,
          gammafunk_temple_overflow_statue, vehumet_crystals, uniq_ijyb
D:4:      layout_basic, serial_bayou_lagoon_a, uniq_grinder, uniq_blork_the_orc,
          uniq_sigmund
D:5:      layout_loops_ring, serial_shops, shop, uniq_menkaure, uniq_pikel
D:6:      layout_basic, lemuel_round_altar, serial_shops, kennysheep_mini_moat,
          minmay_divided_ellipse
D:7:      layout_basic, minmay_temple_entry_metal_lava
D:8:      minmay_the_grid_square_5x5_3x3 [minmay_the_grid_square_5x5_tri_point,
          minmay_the_grid_square_5x5_seven, minmay_the_grid_square_5x5_bridge,
          minmay_the_grid_square_5x5_half_checkered,
          minmay_the_grid_square_5x5_megaprize_checkered,
          minmay_the_grid_square_5x5_eight_small,
          minmay_the_grid_square_5x5_one_wall, minmay_the_grid_square_5x5_eight,
          minmay_the_grid_square_5x5_tetrominoes], layout_loops_ring,
          serial_shops, nicolae_shop_behind_doors, grunt_ogre_cave, uniq_joseph
D:9:      layout_rooms, lair_entry_dummy, orc_0_dummy, serial_shops,
          shop_statue, trog_hazing_becter
D:10:     layout_roguey [special_room_bee], nicolae_trove_entry_free_sample
Temple:   minmay_crystal_spiral_temple
Lair:1:   layout_concentric_octagons
Lair:2:   layout_long_grid, serial_bayou_shore_a
Lair:3:   lemuel_slime, layout_regular_city, spider_nest_entry_web_field,
          uniq_gastronok
Lair:4:   layout_roguey, elwin_shoals_entry_rooms, gauntlet_entry_generic,
          roderic_batcave, ice2_lemuel
Lair:5:   onia_ninara_swampy_vault, layout_gridlike, beast_lair_carwin_10,
          lemuel_fruit_tree
Lair:6:   due_jungle_book, layout_regular_city, minmay_slime_entry_jelly_boxes,
          grunt_megastairs_3
Spider:1: layout_spider_delve, uniq_agnes
Orc:1:    layout_caves, uniq_sonja
Orc:2:    st_orc_elflike, layout_caves

Skill      XL: |  1  2  3  4  5  6  7  8  9 10 11 12 13 14 15 |
---------------+----------------------------------------------+-----
Crossbows      | 5 6 7 8 9 10 14 17 18 | 18.0
Fighting       | 2 4 5 7 9 |  9.4
Armour         | 2 5 7 8 10 | 10.5
Dodging        | 3 5 6 7 10 | 10.1
Evocations     | 7 |  7.4
Invocations    | 3 6 13 | 13.5
Long Blades    | 4 5 |  5.5
Stealth        | |  1.2

Action                   |  1- 3 |  4- 6 |  7- 9 | 10-12 | 13-15 || total
-------------------------+-------+-------+-------+-------+-------++-------
Melee: Short sword       |    83 |       |       |       |       ||    83
       Dagger            |       |    32 |   206 |   336 |   406 ||   980
       Demon blade       |       |       |       |       |    93 ||    93
 Fire: Hand crossbow     |    35 |    55 |   231 |    35 |       ||   356
       Arbalest          |       |       |       |   340 |   588 ||   928
Throw: Boomerang         |    51 |    18 |    12 |     3 |    14 ||    98
       Throwing net      |       |       |       |     1 |     1 ||     2
       Dart              |       |       |       |       |     8 ||     8
       Javelin           |       |       |       |       |     9 ||     9
Invok: Lesser Servant of |       |       |       |     1 |     8 ||     9
       Minor Destruction |       |       |       |     1 |       ||     1
       Greater Servant o |       |       |       |       |     4 ||     4
       Major Destruction |       |       |       |       |     2 ||     2
 Abil: Heal Wounds       |     2 |     2 |     6 |     6 |    10 ||    26
       Evoke Berserk Rag |       |       |     1 |     6 |     1 ||     8
Evoke: Wand              |       |     2 |    11 |     5 |    16 ||    34
       Box of beasts     |       |       |       |       |     2 ||     2
  Use: Scroll            |     5 |     3 |    12 |    15 |    11 ||    46
       Potion            |       |     1 |     1 |     3 |    11 ||    16
 Stab: Distracted        |       |       |       |       |     1 ||     1
  Eat: Chunk             |     3 |     4 |    14 |    24 |    21 ||    66
       Ration            |       |       |       |     1 |     1 ||     2
Armor: Ring mail         |    27 |    12 |    15 |       |       ||    54
       Plate armour      |       |       |   143 |   413 |   672 ||  1228
Dodge: Dodged            |    58 |    22 |    96 |   277 |   570 ||  1023
       Rpst.: Demon blade |       |       |       |       |    12 ||    12

Table legend:
 A = Non-vault XP
 B = Vault XP
 C = Vault XP percentage of total XP
 D = Non-vault monster count
 E = Vault monster count
 F = Vault count percentage of total count
                 A         B        C        D         E       F
            +---------+---------+-------+---------+---------+-------
      Total |   72045 |   35473 |  33.0 |     493 |     173 |  26.0
            +---------+---------+-------+---------+---------+-------
        D:1 |      36 |       6 |  14.3 |      20 |       4 |  16.7
        D:2 |      28 |       0 |   0.0 |      16 |       0 |   0.0
        D:3 |     162 |      36 |  18.2 |      17 |       1 |   5.6
        D:4 |     489 |     606 |  55.3 |      23 |       3 |  11.5
        D:5 |     482 |     172 |  26.3 |      24 |       1 |   4.0
        D:6 |     908 |     525 |  36.6 |      28 |      10 |  26.3
        D:7 |     965 |       0 |   0.0 |      23 |       0 |   0.0
        D:8 |    2141 |    2842 |  57.0 |      31 |      16 |  34.0
        D:9 |    2843 |      10 |   0.4 |      25 |       6 |  19.4
       D:10 |      99 |    1767 |  94.7 |       2 |      25 |  92.6
     Lair:1 |    2391 |       0 |   0.0 |      12 |       0 |   0.0
     Lair:2 |    3254 |       0 |   0.0 |      22 |       0 |   0.0
     Lair:3 |    7692 |    2416 |  23.9 |      27 |      17 |  38.6
     Lair:4 |    8935 |    1946 |  17.9 |      30 |      16 |  34.8
     Lair:5 |    4166 |   11130 |  72.8 |      20 |      19 |  48.7
     Lair:6 |   14929 |    5670 |  27.5 |      39 |      29 |  42.6
   Spider:1 |   11587 |       0 |   0.0 |      40 |       0 |   0.0
      Orc:1 |    5253 |     788 |  13.0 |      36 |       1 |   2.7
      Orc:2 |    5685 |    7559 |  57.1 |      58 |      25 |  30.1
            +---------+---------+-------+---------+---------+-------
